 Dungeon Crawl Stone Soup version 0.21.1-1-g345015f (webtiles) character file.

2833 letownia2 the Spear-Bearer (level 9, -3/65 HPs)
             Began as a Merfolk Wizard on Mar 18, 2018.
             Was a Follower of Cheibriados.
             Killed from afar by an orc wizard (8 damage)
             ... with a magic dart
             ... on level 7 of the Dungeon.
             The game lasted 00:28:59 (3509 turns).

letownia2 the Spear-Bearer (Merfolk Wizard)         Turns: 3509, Time: 00:29:00

Health: -3/65      AC: 10    Str: 12    XL:     9   Next: 73%
Magic:  10/16      EV: 14    Int: 22    God:    Cheibriados [*.....]
Gold:   303        SH:  0    Dex: 15    Spells: 7/18 levels left

rFire    . . .     SeeInvis .   a - +0 trident
rCold    . . .     Gourm    .   (no shield)
rNeg     . . .     Faith    .   J - +3 leather armour
rPois    .         Spirit   .   w - +0 helmet
rElec    .         Reflect  .   D - +0 cloak
rCorr    .         Harm     .   (no gloves)
MR       .....                  K - +1 pair of boots
Stlth    +.........             (no amulet)
HPRegen  0.20/turn              q - ring of wizardry
MPRegen  0.15/turn              H - ring of wizardry

@: confused, very slow
A: change form in water, swift swim, stealthy swim
a: Bend Time, Renounce Religion


You were on level 7 of the Dungeon.
You worshipped Cheibriados.
Cheibriados was aware of your devotion.
You were not hungry.

You visited 2 branches of the dungeon, and saw 9 of its levels.

You collected 303 gold pieces.

Inventory:

Hand Weapons
 a - a +0 trident (weapon)
 p - a +0 trident
 s - a +2 quarterstaff of chaos
 z - a +0 flail
 M - a +0 mace of holy wrath
Missiles
 l - 17 bolts
 v - 39 sling bullets
 N - 3 tomahawks (quivered)
Armour
 f - a +0 scale mail
 w - a +0 helmet (worn)
 D - a +0 cloak (worn)
 J - a +3 leather armour (worn)
 K - a +1 pair of boots (worn)
Jewellery
 j - an uncursed ring of stealth
 q - a ring of wizardry (left hand)
 H - a ring of wizardry (right hand)
 I - an uncursed ring of fire
 O - an uncursed ring of ice {unknown}
Wands
 b - a wand of flame (13)
 k - a wand of polymorph (12)
Scrolls
 h - a scroll of identify
 i - a scroll of immolation {unknown}
 m - 2 scrolls of fog
 t - 2 scrolls of enchant armour {unknown}
 u - a scroll of magic mapping {unknown}
 x - 4 scrolls of remove curse {unknown}
 y - 3 scrolls of enchant weapon {unknown}
 B - 4 scrolls of amnesia {unknown}
 C - 2 scrolls of fear {unknown}
 E - a scroll of teleportation
Potions
 e - a potion of lignification
 g - 2 potions of mutation
 n - 3 potions of haste
 o - 2 potions of brilliance {unknown}
 r - 3 potions of agility
 A - 2 potions of berserk rage
 F - a potion of cancellation
 L - a potion of curing {unknown}
Books
 c - a book of Minor Magic

   Spells                             Type                      Level
   a - Magic Dart                     Conjuration                  1
   b - Blink                          Translocation                2
   c - Call Imp                       Summoning                    2
   d - Slow                           Hexes                        2
   e - Conjure Flame                  Conjuration/Fire             3
   f - Mephitic Cloud                 Conjuration/Poison/Air       3
Comestibles
 d - 8 rations


   Skills:
 + Level 4.2 Fighting
   Level 1.5 Short Blades
 + Level 12.7 Polearms
 + Level 4.2 Dodging
 - Level 2.1 Stealth
 - Level 5.2 Spellcasting
 - Level 3.0 Conjurations
 - Level 2.3 Summonings
 - Level 0.7 Translocations
 - Level 1.2 Fire Magic
 - Level 1.8 Air Magic
 - Level 2.5 Poison Magic


You had 7 spell levels left.
You knew the following spells:

 Your Spells              Type           Power        Failure   Level  Hunger
a - Magic Dart            Conj           ###.         1%          1    None
b - Blink                 Tloc           N/A          4%          2    None
c - Conjure Flame         Conj/Fire      ###.....     4%          3    ##.....
e - Mephitic Cloud        Conj/Pois/Air  ###.....     4%          3    ##.....
i - Call Imp              Summ           ###.....     2%          2    None


Dungeon Overview and Level Annotations

Branches:
Dungeon (8/15)             Temple (1/1) D:6
   Lair: D:8-11

Altars:
Ashenzari
Cheibriados
Dithmenos
Elyvilon
Gozag
Hepliaklqana
Kikubaaqudgha
Makhleb
Nemelex Xobeh
Okawaru
Qazlal
Ru
Sif Muna
Trog
Uskayaw
Vehumet
Wu Jian
Xom
Yredelemnul
The Shining One

Annotations:
D:3 Buddybad's ghost, weakling HOFi
D:5 1 exclusion, Dowan; Duvessa


Message History

The orc barely misses you.
Unknown command.
You miss the hound.
The hound is severely wounded.
The orc wizard seems less confused.
The hound closely misses you.
The orc priest mumbles some strange prayers to Beogh against you.
Beogh smites you!
* * * LOW HITPOINT WARNING * * *
Unknown command.
Unknown command.
You are confused.
You feel invigorated. The orc wizard casts a spell at you.
The magic dart hits you! The hound closely misses you.
The orc barely misses you. The hound bites you.
* * * LOW HITPOINT WARNING * * *
The orc wizard gestures at you while chanting.
The magic dart hits you!
You die...

#####.......#.....≈≈≈≈≈≈.≈..
#...........'.....P≈†≈≈.≈...
#.#####.....##....≈≈≈P....##
#.....##.≈≈≈≈≈≈≈...###
###......#.P≈≈≈≈≈≈......
............P≈≈≈P≈≈.....
###.........≈≈≈≈≈.......
#..o......≈≈≈≈≈o......
#....@..≈≈≈≈≈≈...#####
####.ho..P≈≈≈≈≈..#
#.o...≈≈≈≈≈≈..#
#....≈.≈≈≈≈....
#.....P≈≈P....<
#...#..≈≈≈..... #####.≈≈≈≈
.≈P≈≈


You could see a hound, an orc priest, an orc wizard and an orc.

Vanquished Creatures
  A two-headed ogre (D:8)
  The ghost of sexinstructor the Chopper, an amateur DDFi (D:4)
  Grum (D:8)
  2 orc warriors (D:7)
  An ice beast (D:7)
  5 ogres
  3 wolves (D:8)
  A bullfrog (D:6)
  3 electric eels (D:7)
  2 crimson imps
  4 orc priests
  A hound (D:4)
  11 orc wizards
  Crazy Yiuf (D:6)
  A bullfrog skeleton (D:8)
  A hound skeleton (D:7)
  A howler monkey skeleton (D:4)
  An adder (D:5)
  A shadow imp (D:5)
  An ooze (D:2)
  An adder skeleton (D:4)
  2 worms
  3 leopard geckos
  19 orcs
  3 giant cockroaches
  2 hobgoblins
  5 jackals
  2 kobolds
  2 quokkas (D:4)
  2 bats (D:3)
  2 goblins
  A jackal skeleton (D:6)
  A leopard gecko zombie (D:6)
  4 rats
92 creatures vanquished.

Vanquished Creatures (collateral kills)
  A crimson imp (D:4)
  An orc wizard (D:5)
  A worker ant (D:5)
  7 adders
  A worm (D:2)
  A dart slug (D:4)
  5 orcs
  A giant cockroach (D:5)
  4 jackals (D:3)
  A bat (D:2)
  A kobold (D:2)
24 creatures vanquished.

Grand Total: 116 creatures vanquished

Notes
Turn   | Place    | Note
-------+----------+-------------------------------------------
     0 | D:1      | letownia2 the Merfolk Wizard began the quest for the Orb.
     0 | D:1      | Reached XP level 1. HP: 13/13 MP: 4/4
    81 | D:2      | Reached skill level 1 in Conjurations
   101 | D:2      | Reached XP level 2. HP: 14/19 MP: 3/6
   120 | D:3      | Learned a level 2 spell: Call Imp
   404 | D:2      | Reached XP level 3. HP: 24/24 MP: 1/7
   509 | D:3      | Learned a level 3 spell: Mephitic Cloud
   688 | D:3      | Noticed Buddybad's ghost (weakling HOFi)
   703 | D:3      | Reached skill level 1 in Air Magic
   703 | D:3      | Reached skill level 1 in Poison Magic
   703 | D:3      | Reached XP level 4. HP: 3/30 MP: 1/8
   707 | D:3      | Reached XP level 5. HP: 4/35 MP: 1/9
   744 | D:2      | Learned a level 3 spell: Conjure Flame
   746 | D:2      | Found a sacrificial altar of Ru.
  1104 | D:4      | Reached skill level 1 in Fire Magic
  1105 | D:4      | Noticed an ogre
  1157 | D:4      | Killed an ogre
  1157 | D:4      | Reached skill level 1 in Short Blades
  1157 | D:4      | Reached XP level 6. HP: 29/42 MP: 0/10
  1161 | D:4      | Learned a level 2 spell: Blink
  1209 | D:4      | Reached skill level 1 in Fighting
  1451 | D:5      | Entered Level 5 of the Dungeon
  1785 | D:4      | Noticed sexinstructor's ghost (amateur DDFi)
  1991 | D:5      | Found an opulent altar of Gozag.
  1991 | D:5      | Found an ancient bone altar of Kikubaaqudgha.
  2109 | D:5      | Reached XP level 7. HP: 26/49 MP: 0/12
  2225 | D:5      | Noticed Duvessa
  2242 | D:5      | Noticed Dowan
  2354 | D:4      | Killed sexinstructor's ghost
  2354 | D:4      | Reached skill level 5 in Spellcasting
  2386 | D:4      | Found an iron altar of Okawaru.
  2518 | D:6      | Found a staircase to the Ecumenical Temple.
  2527 | Temple   | Entered the Ecumenical Temple
  2582 | Temple   | Became a worshipper of Cheibriados the Contemplative
  2614 | D:6      | Found a blossoming altar of Fedhas.
  2616 | D:6      | Found an ancient bone altar of Kikubaaqudgha.
  2616 | D:6      | Found a shimmering altar of Xom.
  2618 | D:6      | Found an iron altar of Okawaru.
  2618 | D:6      | Found a snail-covered altar of Cheibriados.
  2618 | D:6      | Found a snail-covered altar of Cheibriados.
  2664 | D:6      | Reached skill level 1 in Polearms
  2690 | D:6      | Reached skill level 3 in Polearms
  2690 | D:6      | Reached XP level 8. HP: 38/58 MP: 1/15
  2849 | D:6      | Reached skill level 4 in Polearms
  2882 | D:6      | Reached skill level 5 in Polearms
  2920 | D:6      | Found a runed door.
  2924 | D:6      | Noticed Crazy Yiuf
  2938 | D:6      | Killed Crazy Yiuf
  2986 | D:7      | Reached skill level 6 in Polearms
  3055 | D:6      | Reached skill level 7 in Polearms
  3187 | D:8      | Noticed Grum
  3197 | D:8      | Reached skill level 8 in Polearms
  3202 | D:8      | Killed Grum
  3202 | D:8      | Reached * piety under Cheibriados
  3202 | D:8      | Reached skill level 9 in Polearms
  3216 | D:8      | Noticed a two-headed ogre
  3228 | D:8      | Reached skill level 10 in Polearms
  3228 | D:8      | Reached XP level 9. HP: 43/64 MP: 2/16
  3265 | D:8      | Killed a two-headed ogre
  3265 | D:8      | Reached skill level 12 in Polearms
  3509 | D:7      | Killed from afar by an orc wizard

Skill      XL: |  1  2  3  4  5  6  7  8  9 |
---------------+----------------------------+-----
Conjurations   | 1 2 3 |  3.0
Summonings     | 2 |  2.3
Air Magic      | 1 |  1.8
Poison Magic   | 1 2 |  2.5
Fire Magic     | 1 |  1.2
Short Blades   | 1 |  1.5
Fighting       | 1 3 4 |  4.2
Spellcasting   | 5 |  5.2
Polearms       | 3 10 12 | 12.7
Dodging        | 4 |  4.2
Stealth        | |  2.1
Translocations | |  0.7

Action                   |  1- 3 |  4- 6 |  7- 9 || total
-------------------------+-------+-------+-------++-------
Melee: Dagger            |    59 |   220 |    18 ||   297
       Tailslap          |       |     1 |       ||     1
       Trident           |       |       |   187 ||   187
Throw: Stone             |     4 |    10 |       ||    14
 Cast: Magic Dart        |    22 |    55 |    38 ||   115
       Call Imp          |    11 |    15 |     3 ||    29
       Mephitic Cloud    |       |    12 |    22 ||    34
       Conjure Flame     |       |     1 |    15 ||    16
       Blink             |       |       |     2 ||     2
Evoke: Wand              |     1 |     3 |    20 ||    24
  Use: Scroll            |       |     7 |     2 ||     9
       Potion            |       |       |     1 ||     1
 Stab: Sleeping          |     4 |     1 |       ||     5
       Distracted        |     1 |       |     1 ||     2
       Confused          |       |     6 |    13 ||    19
  Eat: Chunk             |       |     6 |     7 ||    13
Armor: Robe              |    17 |    28 |     7 ||    52
       Leather armour    |       |       |    20 ||    20
Dodge: Dodged            |    48 |   104 |    65 ||   217
